 Dungeon Crawl Stone Soup version 0.28-a0-1130-gc51a68064b (webtiles) character file.

Game seed: 11868507682294813293

1158 Gwenloh the Reanimator (level 8, -11/52 HPs)
             Began as a Mummy Necromancer on Dec 12, 2021.
             Mangled by Menkaure (13 damage)
             ... on level 4 of the Dungeon.
             The game lasted 00:16:22 (4900 turns).

Gwenloh the Reanimator (Mummy Necromancer)          Turns: 4900, Time: 00:16:23

Health: -11/52     AC: 12    Str: 12    XL:     8   Next: 16%
Magic:  5/17       EV: 12    Int: 16    God:
Gold:   198        SH:  6    Dex: 12    Spells: 6/20 levels left

rFire   . . .      SeeInvis .   f - +2 dagger (protect)
rCold   . . .      Faith    .   k - +2 buckler
rNeg    + + +      Spirit   .   a - +0 robe
rPois   ∞          Reflect  .   d - +2 hat
rElec   .          Harm     .   e - +0 cloak
rCorr   .          Rampage  .   (no gloves)
Will    +....                   (no boots)
Stlth   ++........              (no amulet)
HPRegen 0.17/turn               h - ring of fire
MPRegen 0.15/turn               (no ring)

@: under a protective aura
A: cold resistance 1, negative energy resistance 3, torment resistance 2, heat
vulnerability 1, no potions
a: no special abilities


You were on level 4 of the Dungeon.
You visited 1 branch of the dungeon, and saw 4 of its levels.

You collected 198 gold pieces.

Inventory:

Hand Weapons
 b - a +0 dagger
 f - a +2 dagger of protection (weapon)
 t - a +3 spear
Missiles
 c - 71 stones
Armour
 a - a +0 robe (worn)
 d - a +2 hat (worn)
 e - a +0 cloak (worn)
 k - a +2 buckler (worn)
Magical Staves
 j - a staff of conjuration
 o - a staff of earth
Jewellery
 g - an amulet of guardian spirit
 h - a ring of fire (left hand)
 p - a ring of ice
Wands
 s - a wand of flame (9)
Scrolls
 i - 2 scrolls of teleportation {unknown}
 l - a scroll of blinking {unknown}
 m - a scroll of torment {unknown}
 n - a scroll of enchant armour {unknown}
 q - a scroll of vulnerability {unknown}
 r - a scroll of amnesia {unknown}
 u - a scroll of immolation {unknown}


   Skills:
 - Level 1.5 Dodging
 - Level 1.5 Stealth
 + Level 3.4 Shields
 + Level 6.5 Spellcasting
 * Level 8.1 Necromancy


You had 6 spell levels left.
You knew the following spells:

 Your Spells              Type           Power      Damage    Failure   Level
a - Pain                  Necr           100%       1d9       1%          1
b - Vampiric Draining     Necr           31%        2d8       1%          3
c - Agony                 Necr           31%        N/A       14%         5
d - Animate Dead          Necr           15%        N/A       4%          4
e - Animate Skeleton      Necr           62%        N/A       1%          1

Your spell library contained the following spells:

 Spells                   Type           Power      Damage    Failure   Level


Dungeon Overview and Level Annotations

Branches:
Dungeon (4/15)
 Temple: D:4-7

Altars:
Cheibriados

Annotations:
D:4 Menkaure


Innate Abilities, Weirdness & Mutations

You are immune to poison.
Your flesh is cold resistant. (rC+)
You are immune to negative energy. (rN+++)
You are immune to unholy pain and torment.
You are vulnerable to heat. (rF-)
You do not drink.


Message History

You draw life force from the kobold!
You kill the kobold!
You feel life coursing into your body.
Your hobgoblin zombie hits Menkaure.
Your hobgoblin zombie hits Menkaure but does no damage.
Menkaure barely misses you.
You barely miss Menkaure.
Menkaure is moderately damaged.
Your hobgoblin zombie hits Menkaure but does no damage.
Your hobgoblin zombie hits Menkaure.
Menkaure hits you!
You hit Menkaure.
Menkaure is heavily damaged.
You block Menkaure's attack.
Your hobgoblin zombie hits Menkaure but does no damage.
Your hobgoblin zombie hits Menkaure.
Menkaure hits your hobgoblin zombie!
Your hobgoblin zombie is destroyed!
Your hobgoblin zombie hits Menkaure.
You see here a +0 dagger.
Menkaure hits your hobgoblin zombie!!
Your hobgoblin zombie is destroyed!
Menkaure hits your goblin zombie!
Your goblin zombie is destroyed!
Menkaure hits you.
You hit Menkaure.
Your weapon exudes an aura of protection.
Menkaure is severely damaged.
Menkaure barely misses you.
You barely miss Menkaure.
Menkaure is severely damaged.
Menkaure hits you!
* * * LOW HITPOINT WARNING * * *
Unknown command.
You barely miss Menkaure.
Menkaure is severely damaged.
Menkaure misses you.
Unknown command.
You hit Menkaure.
Menkaure is almost destroyed.
Menkaure completely misses you. Menkaure hits you!
You die...

#. ....... ...
.....>. #... #....
#### ######.....
##...# #...........
#.....####...........
#.....#..#.).........
#.....')))M@.........
#.....#..#...........
#..$..####...........
##...##....#.........
######....##).).....
#......#.........
#......#.##......
#......#. #.....
#.#....###. #....


You could see Menkaure (fast).

Vanquished Creatures
  Sigmund (D:3)
  Edmund (D:4)
  An ogre (D:4)
  2 scorpions (D:4)
  3 howler monkeys (D:4)
  2 hounds (D:4)
  2 orc priests
  An iguana (D:4)
  An orc wizard (D:3)
  13 gnolls (D:4)
  4 adders
  A worm (D:2)
  4 dart slugs
  22 orcs
  4 endoplasms
  8 goblins
  3 hobgoblins (D:4)
  9 jackals (D:4)
  3 quokkas
  2 ball pythons
  5 bats
  4 frilled lizards
  3 kobolds
  5 rats
104 creatures vanquished.

Vanquished Creatures (collateral kills)
  A bullfrog skeleton (D:4)
  A gnoll shaman (D:4)
  An orc wizard (D:4)
  3 gnolls (D:4)
  2 orcs (D:4)
  3 hobgoblins (D:4)
  A jackal (D:4)
  A rat (D:2)
13 creatures vanquished.

Vanquished Creatures (others)
  A fungus (D:4)
  2 plants (D:4)
3 creatures vanquished.

Grand Total: 120 creatures vanquished

Notes
Turn   | Place    | Note
-------+----------+-------------------------------------------
     0 | D:1      | Gwenloh the Mummy Necromancer began the quest for the Orb.
     0 | D:1      | Reached XP level 1. HP: 13/13 MP: 4/4
    34 | D:1      | Found a faded altar of an unknown god.
   369 | D:1      | Reached XP level 2. HP: 19/19 MP: 0/6
   424 | D:1      | Learned a level 1 spell: Animate Skeleton
  1077 | D:2      | Reached XP level 3. HP: 15/24 MP: 2/7
  1188 | D:2      | Learned a level 3 spell: Vampiric Draining
  1280 | D:2      | Found a snail-covered altar of Cheibriados.
  1902 | D:2      | Reached skill level 5 in Necromancy
  1902 | D:2      | Reached XP level 4. HP: 30/30 MP: 3/9
  2225 | D:3      | Learned a level 4 spell: Animate Dead
  2353 | D:3      | Reached skill level 1 in Shields
  2422 | D:3      | Noticed Sigmund
  2439 | D:3      | Killed Sigmund
  2440 | D:3      | Reached skill level 6 in Necromancy
  2440 | D:3      | Reached XP level 5. HP: 17/35 MP: 1/11
  2440 | D:3      | Reached XP level 6. HP: 20/41 MP: 1/12
  2719 | D:3      | Learned a level 5 spell: Agony
  2904 | D:4      | Noticed Menkaure
  3081 | D:4      | Reached skill level 5 in Spellcasting
  3336 | D:4      | Reached XP level 7. HP: 31/46 MP: 4/14
  3471 | D:4      | Reached skill level 7 in Necromancy
  3517 | D:4      | Noticed Edmund
  3533 | D:4      | Killed Edmund
  4185 | D:4      | Reached XP level 8. HP: 38/52 MP: 3/17
  4485 | D:4      | Reached skill level 8 in Necromancy
  4898 | D:4      | HP: 2/52 [Menkaure (16)]
  4900 | D:4      | Mangled by Menkaure

Illustrated notes

Levels and vault maps discovered:
D:1:      minmay_arrival_three_doors, layout_basic,
          hellmonk_ecumenical_altar_pennies_from_heaven
D:2:      layout_loops_ring, basic_altar, st_stairs_4
D:3:      layout_rooms, uniq_sigmund
D:4:      lemuel_castle_with_subvaults [lemuel_castle_interior_carwin_3],
          layout_basic, minmay_goblin_kobold_house, uniq_edmund, uniq_menkaure

Skill      XL: |  1  2  3  4  5  6  7  8 |
---------------+-------------------------+-----
Spellcasting   | 3 4 5 6 |  6.5
Necromancy     | 5 6 7 8 |  8.1
Shields        | 1 2 3 |  3.4
Dodging        | |  1.5
Stealth        | |  1.5

Action                   |  1- 3 |  4- 6 |  7- 9 || total
-------------------------+-------+-------+-------++-------
Melee: Dagger            |    18 |    48 |    79 ||   145
 Cast: Pain              |    46 |    56 |    79 ||   181
       Animate Skeleton  |     3 |     1 |       ||     4
       Vampiric Draining |     1 |     5 |    13 ||    19
       Animate Dead      |       |     3 |    11 ||    14
 Stab: Distracted        |       |     1 |     1 ||     2
Armor: Robe              |     5 |    36 |    17 ||    58
Dodge: Dodged            |    14 |    44 |    43 ||   101
Block: Buckler           |     3 |    21 |    34 ||    58

Table legend: (Time is in decaauts)
 A = Elapsed time spent in this place.
 B = Non-inter-level travel time spent in this place.
 C = Inter-level travel time spent in this place.
 D = Time resting spent in this place.
 E = Time spent auto-exploring this place.
 F = Levels seen in this place.
 G = Mean time per level.
                   A        B        C        D        E       F      G
               +--------+--------+--------+--------+--------+-----+--------+
         Total |   4910 |   4777 |    133 |   1038 |   2766 |   4 | 1227.5 |
       Dungeon |   4910 |   4777 |    133 |   1038 |   2766 |   4 | 1227.5 |
               +--------+--------+--------+--------+--------+-----+--------+

Top non-repeatable levels by time:
     D:4: 1961 daAuts
     D:2: 996 daAuts
     D:1: 991 daAuts
     D:3: 961 daAuts
